Workbook

Sheet Информация для раскрытия
A1: Согласно Постановлению Правительства Российской Федерации №24 от 21 января 2004г. "ОБ УТВЕРЖДЕНИИ СТАНДАРТОВ РАСКРЫТИЯ ИНФОРМАЦИИ СУБЪЕКТАМИ ОПТОВОГО И РОЗНИЧНЫХ РЫНКОВ ЭЛЕКТРИЧЕСКОЙ ЭНЕРГИИ" (в ред. Постановлений Правительства РФ от 01.02.2005 N 49, от 21.04.2009 N 334, от 09.08.2010 N 609, от 04.11.2011 N 877, от 29.12.2011 N 1179, от 04.05.2012 N 442, от 27.06.2013 № 543, от 22.07.2013 № 614, от 26.07.2013 № 630, от 31.08.2013 № 758, от 09.12.2013 N 1131, от 17.02.2014 N 116, от 17.02.2014 N 119, от 25.02.2014 N 136, от 28.04.2014 N 381, от 11.06.2014 N 542, от 09.08.2014 N 787, от 23.01.2015 N 47, от 11.05.2015 N 458)
A3: ПАО "ОМСКШИНА" раскрывает информацию о техническом состоянии сетей за | B3: август | C3: 2015 г., в т.ч.:
A5: 1) Сведения о количестве аварийных ограничений (отключений) по границам зон деятельности. Информация об объеме недопоставленной в результате аварийных отключений электрической энергии;
A7: 2) Сведения о вводе в ремонт и выводе из ремонта объектов электросетевого хозяйства;
A9: 3) Информация о наличии объема свободной для технологического присоединения потребителей трансформаторной мощности;
A11: 4) Информация о порядке выполнения технологических, технических и других мероприятий, связанных с технологическим присоединением к электрическим сетям;
A13: 5) Информация о наличии и ходе выполнения инвестиционной программы и программы в области энергосбережения и повышения энергетической эффективности;
A15: 6) Сведения о количестве поданных заявок на технологическое подключение;
A17: 7) Сведения об объеме и стоимости электрической энергии (мощности) за расчетный период, приобретенной по каждому договору купли-продажи (поставки) электрической энергии (мощности) в целях компенсации потерь электрической энергии.

Sheet 1)
A1: Сведения о количестве аварийных ограничений (отключений) за | E1: =+'Информация для раскрытия'!B3 -> август | F1: 2015 г.
A2: по границам зон деятельности ПАО "Омскшина"
A4: Квартал | B4: 1 кв. | C4: =+'Информация для раскрытия'!B3 -> август | D4: 3 кв. | E4: 4 кв. | F4: год
A5: Всего | B5: =+B6 -> 0 | C5: 0 | D5: =+D6 -> 0 | E5: =+E6 -> 0 | F5: =SUM(B5:E5) -> 0
A6: Из них: | B6: =+B7+B8 -> 0 | C6: 0 | D6: =+D7+D8 -> 0 | E6: =+E7+E8 -> 0 | F6: =SUM(B6:E6) -> 0
A7: По сетям 6/10 кВ | F7: =SUM(B7:E7) -> 0
A8: По сетям 0.4 кВ | F8: =SUM(B8:E8) -> 0
A9: По причине: | B9: =SUM(B10:B13) -> 0 | C9: =SUM(C10:C13) -> 0 | D9: =SUM(D10:D13) -> 0 | E9: =SUM(E10:E13) -> 0 | F9: =SUM(B9:E9) -> 0
A10: Кабельное повреждение | F10: =SUM(B10:E10) -> 0
A11: Станционное повреждение | F11: =SUM(B11:E11) -> 0
A12: Срабатывание режимной автоматики и защиты | F12: =SUM(B12:E12) -> 0
A13: Прочие | F13: =SUM(B13:E13) -> 0
A14: Территориально: | B14: =SUM(B15:B18) -> 0 | C14: =SUM(C15:C18) -> 0 | D14: =SUM(D15:D18) -> 0 | E14: =SUM(E15:E18) -> 0 | F14: =SUM(F15:F18) -> 0
F15: =SUM(B15:E15) -> 0
F16: =SUM(B16:E16) -> 0
F17: =SUM(B17:E17) -> 0
F18: =SUM(B18:E18) -> 0
A19: Мероприятия по устранению
A21: По причине аварийных отключений оборудования режим ограничения потребителей не вводился.
A22: Объем недопоставленной электрической энергии – нет.
A24: Сведения о техническом состоянии электрических сетей ОАО «Омскшина» за | G24: =+'Информация для раскрытия'!B3 -> август | I24: 2015 г.
A26: Технологические нарушения в работе электрических сетей 6-110кВ
A27: ПАО "Омскшина" | B27: Количество технологических нарушений | G27: Недоотпуск э/э, тыс.кВт*ч
B28: I квартал | C28: II квартал | D28: =+G24 -> август | E28: IV квартал | F28: год | G28: =+B28 -> I квартал | H28: =+C28 -> II квартал | I28: =+D28 -> август | J28: =+E28 -> IV квартал | K28: =+F28 -> год
A29: Шинная-1 | B29: 0 | C29: 0 | D29: 0 | F29: =SUM(B29:E29) -> 0 | G29: 0 | H29: 0 | I29: 0 | K29: =SUM(G29:J29) -> 0
A30: Шинная-2 | B30: 0 | C30: 0 | D30: 0 | F30: =SUM(B30:E30) -> 0 | G30: 0 | H30: 0 | I30: 0 | K30: =SUM(G30:J30) -> 0
A31: «Черемуховская» | B31: 0 | C31: 0 | D31: 0 | F31: =SUM(B31:E31) -> 0 | G31: 0 | H31: 0 | I31: 0 | K31: =SUM(G31:J31) -> 0
A32: Итого ПАО "Омскшина" | B32: =SUM(B29:B31) -> 0 | C32: =SUM(C29:C31) -> 0 | D32: =SUM(D29:D31) -> 0 | E32: =SUM(E29:E31) -> 0 | F32: =SUM(B32:E32) -> 0 | G32: =SUM(G29:G31) -> 0 | H32: =SUM(H29:H31) -> 0 | I32: =SUM(I29:I31) -> 0 | J32: =SUM(J29:J31) -> 0 | K32: =SUM(G32:J32) -> 0
A34: Продолжительность прекращениий передачи электрической энергии в работе электрических сетей 0,4-110кВ
A35: ПАО "Омскшина" | B35: Продолжительность откл. в сетях 0,4 кВ, час | G35: Общая продолжительность откл. в сетях 0,4-110 кВ, час
B36: =+B28 -> I квартал | C36: =+C28 -> II квартал | D36: =+D28 -> август | E36: =+E28 -> IV квартал | F36: =+F28 -> год | G36: =+G28 -> I квартал | H36: =+H28 -> II квартал | I36: =+I28 -> август | ... K36: =+K28 -> год
A37: Шинная-1 | B37: 0 | C37: 0 | D37: 0 | F37: =SUM(B37:E37) -> 0 | G37: =+G29 -> 0 | H37: =+H29 -> 0 | I37: =+I29 -> 0 | K37: =SUM(G37:J37) -> 0
A38: Шинная-2 | B38: 0 | C38: 0 | D38: 0 | F38: =SUM(B38:E38) -> 0 | G38: 0 | H38: =+H30 -> 0 | I38: =+I30 -> 0 | K38: =SUM(G38:J38) -> 0
A39: «Черемуховская» | B39: 0 | C39: 0 | D39: 0 | F39: =SUM(B39:E39) -> 0 | G39: 0 | H39: =+H31 -> 0 | I39: =+I31 -> 0 | K39: =SUM(G39:J39) -> 0
A40: Итого ПАО "Омскшина" | B40: =SUM(B37:B39) -> 0 | C40: =SUM(C37:C39) -> 0 | D40: =SUM(D37:D39) -> 0 | E40: =SUM(E37:E39) -> 0 | F40: =SUM(B40:E40) -> 0 | G40: =SUM(G37:G39) -> 0 | H40: =SUM(H37:H39) -> 0 | I40: =SUM(I37:I39) -> 0 | J40: =SUM(J37:J39) -> 0 | K40: =SUM(G40:J40) -> 0

Sheet 2)
A1: О вводе в ремонт и выводе из ремонта объектов электросетевого хозяйства
A2: ПАО "Омскшина" за | C2: =+'1)'!G24 -> август | D2: =+'1)'!I24 -> 2015 г.
A4: (выполненение собственными структурными подразделеними)
A6: Наименование работ, месторасположение объектов | B6: Единица измерения | C6: Ввод объектов в ремонт | D6: Вывод объекта из ремонта | E6: Кол-во
A7: 1. Ремонт электрооборудования на ТП и РП:
A8: ТР реактора Т-1 в ЗРУ-10 кВ ГПП-6 | B8: чел/ч | C8: 42221 | D8: 42221 | E8: 32.8
A9: ТР реактора Т-2 кВ в ЗРУ-10 кВ ГПП-6 | B9: чел/ч | C9: 42233 | D9: 42233 | E9: 32.8
A10: ТР реакторов Т-1 в ЗРУ-6 кВ и в ЗРУ-10 кВ ГПП-21 | B10: чел/ч | C10: 42240 | D10: 42242 | E10: 49.2
A11: 2. Ремонт строительной части ТП и РП:
A13: 3. Ремонт и наладка масляных выключателей
A14: ТР ВМ II секции в РУ-10 кВ ТП-15 | B14: чел/ч | C14: 42247 | D14: 42247 | E14: 24.6
A16: 4. Ремонт силовых трансформаторов
A17: ТР тран-ра Т-1 и ОДС в ОРУ-110 кВ ГПП-15 | B17: чел/ч | C17: 42235 | D17: 42235 | E17: 24.6

Sheet 3)
A2: Сведения о наличии мощности, свободной для технологического присоединения к электрическим сетям
A3: ПАО "Омскшина" за | F3: =+'2)'!C2 -> август | G3: =+'2)'!D2 -> 2015 г.
A5: 1. Объекты 110-35кВ
A6: № п/п | B6: Наименование ПС 35-110 кВ | C6: Уровни напряжения ПС 35-110 кВ | D6: Установленная мощность существующих трансформаторов (МВА) | F6: Текущий резерв мощности для присоединения потребителей (по результатам максимальных контрольных замеров), МВА | H6: Планируемый резерв мощности на конец года с учетом присоединенных потребителей, заключенных договоров на технологическое присоединение, поданных заявок на технологическое присоединение и реализации планов капитальных вложений (инвестиционных программ), МВА
D7: 1T | E7: 2T | F7: с учетом присоединенных потребителей | G7: с учетом выданных технических условий
A8: 1 | B8: "Черемуховская" | C8: 110/6 | D8: 10 | E8: 10 | F8: 10.3 | G8: 10.3 | H8: 10.3
A9: 2 | B9: Шинная-1 | C9: 110/10 | D9: 31.5 | E9: 40 | F9: 48.1 | G9: 48.1 | H9: 48.1
A10: 3 | B10: Шинная-2 | C10: 110/10/6 | D10: 80 | E10: 63 | F10: 109.5 | G10: 109.5 | H10: 109.5
E11: =SUM(D8:E10) -> 234.5 | F11: =SUM(F8:F10) -> 167.9

Sheet 4)
A2: Порядок выполнения мероприятий, связанных с присоединением к сетям
A3: Процедура технологического присоединения регламентируется следующими нормативными правовыми актами:
A5: 1. Федеральный закон от 26.03.2003 г. № 35-ФЗ "Об электроэнергетике"
A6: 2. Постановление Правительства РФ от 27 декабря 2004 г. N 861 "Об утверждении Правил недискриминационного доступа к услугам по передаче электрической энергии и оказания этих услуг, Правил недискриминационного доступа к услугам по оперативно-диспетчерскому управлению в электроэнергетике и оказания этих услуг, Правил недискриминационного доступа к услугам администратора торговой системы оптового рынка и оказания этих услуг и Правил технологического присоединения энергопринимающих устройств потребителей электрической энергии, объектов по производству электрической энергии, а также объектов электросетевого хозяйства, принадлежащих сетевым организациям и иным лицам, к электрическим сетям"
A7: 3. Постановление Правительства РФ от 29 декабря 2011 г. N 1178 "О ценообразовании в области регулируемых цен (тарифов) в электроэнергетике"
A9: Мероприятия по технологическому присоединению выполняются в следующем порядке:
A10: 1. Подготовка, выдача сетевой организацией технических условий и их согласование с системным оператором (субъектом оперативно-диспетчерского управления в технологически изолированных территориальных электроэнергетических системах), а в случае выдачи технических условий электростанцией - согласование их с системным оператором (субъектом оперативно-диспетчерского управления в технологически изолированных территориальных электроэнергетических системах) и со смежными сетевыми организациями.
A11: Системный оператор согласовывает технические условия на технологическое присоединение в отношении генераторов, установленная мощность которых превышает 5 МВт, и энергопринимающих устройств, максимальная мощность которых составляет не менее 670 кВт. Срок действия технических условий не может быть менее 2 лет и более 5 лет.
A12: 2. Разработка сетевой организацией проектной документации согласно обязательствам, предусмотренным техническими условиями.
A13: 3. Разработка заявителем проектной документации в границах его земельного участка согласно обязательствам, предусмотренным техническими условиями, за исключением случаев, когда в соответствии с законодательством Российской Федерации о градостроительной деятельности разработка проектной документации не является обязательной.
A14: 4. Выполнение технических условий заявителем и сетевой организацией, включая осуществление сетевой организацией мероприятий по подключению энергопринимающих устройств под действие аппаратуры противоаварийной и режимной автоматики в соответствии с техническими условиями.
A15: 5. Проверка сетевой организацией выполнения заявителем технических условий.
... A24: (для заявителей, указанных в пункте 14(2) Правил технологического присоединения).
A29: Бланк заявки на технологическое присоединение к электрическим сетям | L29: http://tarif.omskportal.ru/Portal/DownloadPage.aspx?type=15&guid=229fa7eb-4099-4f38-a9c7-e037066effe9
A31: Приказ об утверждении ставок за технологическое присоединение к электрическим сетям на 2015 г. (до 01.10.15) | L31: http://tarif.omskportal.ru/Portal/DownloadPage.aspx?type=15&guid=3b86d58a-ebe4-477d-a27b-866e261a73ec
A33: Приказ об утверждении ставок за технологическое присоединение к электрическим сетям с 1 октября 2015 г. | L33: http://tarif.omskportal.ru/Portal/DownloadPage.aspx?type=15&guid=9798cdc2-0fe3-4265-9c1f-cb507335db03

Sheet 5)
A2: Информация о наличии и ходе выполнения инвестиционной программы и программы в области энергосбережения и повышения энергетической эффективности
A4: Организация не имеет инвестиционной программы.
A6: Организация не имеет утвержденной программы в области энергосбережения и повышения энергетической эффективности на 2015 г.

Sheet 6)
A1: Сведения о количестве поданных заявок на технологическое присоединение
A2: к электрическим сетям ПАО "Омскшина" за | D2: =+'3)'!F3 -> август | E2: =+'3)'!G3 -> 2015 г.
A4: № п/п | B4: Наименование ПС 35-110 кВ | C4: Количество | D4: Примечание
A6: 1 | B6: Подано заявок, в т.ч.: | C6: 0
A7: 1.1. | B7: - на технологическое подключение | C7: 0
A8: 1.2. | B8: - на увеличение присоединенной максимальной мощности абонента | C8: 0
A9: 1.3. | B9: - на перераспределение максимальной мощности принадлежащих энергопринимающих устройств в пользу иных лиц | C9: 0
A10: 2 | B10: Исполнено заявок на технологическое подключение (перераспределение, увеличение мощности) | C10: 0 | D10: Абонент ИП Задоян. Увеличение существующей максимальной мощности с 120 кВт до 370кВт (на 250 кВт). Договор 15-0184 от 19.08.2015 на сумму 49 108,65 руб. с НДС.
A11: 3 | B11: Отказано в технологическом подключение* | C11: 0
A13: * - в случая отказа в подключении, приводятся причины, послуживщие основанием для принятия отрицательного решения.

Sheet 7)
B1: Сведения об объеме и стоимости электрической энергии (мощности), приобретенной в целях компенсации потерь электрической энергии
B2: за | C2: =+'6)'!D2 -> август | D2: =+'6)'!E2 -> 2015 г. | E2: _
B4: Контрагент | C4: Стоимость без НДС, руб. | D4: Количество
B5: Номенклатура, Базовая единица измерения
B6: По месяцам
B7: Центрэнерго ООО
B8: Электроэнергия_технологические потери, кВт.ч | C8: =+C9 -> 240614.65 | D8: =+D9 -> 141820
B9: =CONCATENATE(C2,E2,D2) -> август_2015 г. | C9: 240614.65 | D9: 141820
